[ AOE2 MATCH · #495957564 ]
UnrankedBritons vs Berbers
Player's team · LOSS
Rival team · WIN
[ REPLAY ANALYSIS · EXTRACTED FROM THE RECORDED GAME ]
Feudal
12:19
Castle
18:34
Imperial
—
| APM avg | 48.8 |
| APM peak | 95 |
| eAPM avg | 25.2 |
| Villagers / military | 109 / 89 |
Focus
⚔️ 24.0% · 🌾 76.0%
Archer ×75 · Monk ×5 · Scorpion ×5 · Militia ×3 · Spearman ×1
Feudal
9:16
Castle
20:19
Imperial
35:04
| APM avg | 55.5 |
| APM peak | 83 |
| eAPM avg | 21.5 |
| Villagers / military | 109 / 43 |
Focus
⚔️ 32.0% · 🌾 68.0%
Genitour ×29 · Skirmisher ×4 · Monk ×3 · Knight ×3 · Scout Cavalry ×3 · Trebuchet (Packed) ×1
Match map
Initial resources + every placement click. Lines = walls · curves = elevation contours. ◆ gold · ⬟ stone · ● berries · ✦ relic · ◌ wall gap
Your base· ✓ Closed at 18:34 · 37t walls · no gate
CNZS_98T's base· ✓ Closed at 20:19 · 43t walls · no gate
Smoothed initial terrain · ◌ = detected wall gap · hover for details
Inputs per minute
— SneakySalmon - - CNZS_98T
Build order — SneakySalmon
First 150 of 333 actions detected
| 0:00 | Create | Villager (Male) |
| 0:00 | Create | Villager (Male) |
| 0:01 | Create | Villager (Male) |
| 0:01 | Create | Villager (Male) |
| 0:02 | Build | House |
| 0:04 | Build | House |
| 1:18 | Create | Villager (Male) |
| 1:18 | Create | Villager (Male) |
| 1:48 | Create | Villager (Male) |
| 1:48 | Create | Villager (Male) |
| 2:01 | Build | Lumber Camp |
| 2:16 | Create | Villager (Male) |
| 2:52 | Create | Villager (Male) |
| 2:53 | Create | Villager (Male) |
| 3:28 | Create | Villager (Male) |
| 3:38 | Create | Villager (Male) |
| 3:59 | Build | House |
| 4:07 | Create | Villager (Male) |
| 4:27 | Create | Villager (Male) |
| 4:30 | Build | House |
| 4:37 | Create | Villager (Male) |
| 5:06 | Build | Barracks |
| 5:13 | Create | Villager (Male) |
| 5:36 | Build | House |
| 5:38 | Build | Palisade Wall |
| 5:44 | Build | Palisade Wall |
| 6:01 | Create | Militia |
| 6:01 | Create | Militia |
| 6:01 | Create | Militia |
| 6:03 | Create | Villager (Male) |
| 6:42 | Create | Villager (Male) |
| 6:44 | Build | Mill |
| 6:58 | Build | House |
| 6:59 | Create | Villager (Male) |
| 7:27 | Create | Villager (Male) |
| 7:31 | Build | Mill |
| 7:40 | Create | Villager (Male) |
| 7:49 | Build | House |
| 7:50 | Create | Villager (Male) |
| 8:09 | Build | House |
| 8:11 | Build | Palisade Wall |
| 8:12 | Research | Loom |
| 8:58 | Build | House |
| 9:05 | Build | Farm |
| 9:09 | Create | Villager (Male) |
| 9:18 | Build | Palisade Wall |
| 9:24 | Build | Palisade Wall |
| 9:44 | Create | Villager (Male) |
| 9:44 | Create | Villager (Male) |
| 9:50 | Build | Farm |
| 9:53 | Research | Feudal Age |
| 10:00 | Build | Palisade Wall |
| 10:30 | Build | Mining Camp |
| 10:46 | Build | House |
| 11:17 | Build | Farm |
| 11:20 | Build | Farm |
| 11:22 | Create | Villager (Male) |
| 11:43 | Build | Palisade Wall |
| 12:19 | Age | Feudal Age |
| 12:20 | Build | Lumber Camp |
| 12:47 | Create | Villager (Male) |
| 13:21 | Create | Villager (Male) |
| 13:23 | Build | Archery Range |
| 13:28 | Research | Double-Bit Axe |
| 13:35 | Create | Villager (Male) |
| 13:36 | Create | Spearman |
| 14:00 | Build | Farm |
| 14:01 | Create | Villager (Male) |
| 14:05 | Create | Archer |
| 14:05 | Create | Archer |
| 14:35 | Create | Villager (Male) |
| 14:47 | Build | Blacksmith |
| 14:51 | Create | Villager (Male) |
| 14:55 | Create | Archer |
| 15:10 | Build | Farm |
| 15:17 | Create | Archer |
| 15:23 | Build | Farm |
| 15:54 | Research | Castle Age |
| 15:54 | Research | Castle Age |
| 15:56 | Build | Archery Range |
| 15:59 | Build | House |
| 16:10 | Create | Archer |
| 16:10 | Create | Archer |
| 16:20 | Build | Farm |
| 16:30 | Build | House |
| 16:31 | Build | Palisade Wall |
| 16:32 | Build | Palisade Wall |
| 16:44 | Create | Archer |
| 16:48 | Research | Fletching |
| 16:54 | Build | Farm |
| 16:56 | Create | Archer |
| 16:56 | Create | Archer |
| 17:16 | Build | Palisade Wall |
| 17:23 | Build | Farm |
| 17:24 | Create | Archer |
| 17:29 | Build | Farm |
| 17:32 | Create | Villager (Male) |
| 17:33 | Create | Archer |
| 17:33 | Create | Archer |
| 17:44 | Build | Farm |
| 17:49 | Create | Archer |
| 18:04 | Build | Farm |
| 18:04 | Build | Farm |
| 18:34 | Age | Castle Age |
| 18:35 | Research | Crossbowman (upgrade) |
| 18:35 | Research | Crossbowman (upgrade) |
| 18:45 | Research | Bodkin Arrow |
| 18:56 | Create | Villager (Male) |
| 18:56 | Create | Villager (Male) |
| 19:05 | Create | Archer |
| 19:06 | Create | Archer |
| 19:42 | Create | Villager (Male) |
| 19:42 | Create | Villager (Male) |
| 19:45 | Build | University |
| 19:48 | Research | Horse Collar |
| 19:48 | Research | Horse Collar |
| 19:55 | Build | Farm |
| 20:02 | Create | Villager (Male) |
| 20:18 | Create | Archer |
| 20:18 | Create | Archer |
| 20:45 | Create | Villager (Male) |
| 20:45 | Create | Villager (Male) |
| 20:56 | Research | Ballistics |
| 21:03 | Create | Archer |
| 21:04 | Create | Archer |
| 21:23 | Research | Bow Saw |
| 21:23 | Research | Bow Saw |
| 21:27 | Create | Archer |
| 21:27 | Create | Archer |
| 21:27 | Create | Archer |
| 21:36 | Create | Villager (Male) |
| 21:36 | Create | Villager (Male) |
| 21:44 | Create | Archer |
| 21:45 | Create | Archer |
| 21:45 | Create | Archer |
| 22:25 | Create | Villager (Male) |
| 22:25 | Create | Villager (Male) |
| 22:38 | Build | Siege Workshop |
| 22:44 | Create | Villager (Male) |
| 22:50 | Build | Town Center |
| 22:51 | Create | Villager (Male) |
| 22:53 | Build | Farm |
| 22:56 | Create | Archer |
| 22:56 | Create | Archer |
| 22:56 | Create | Archer |
| 23:00 | Create | Archer |
| 23:00 | Create | Archer |
| 23:07 | Build | House |
| 23:08 | Build | House |
| 23:16 | Build | House |
Build order — CNZS_98T
First 150 of 292 actions detected
| 0:01 | Create | Villager (Male) |
| 0:01 | Create | Villager (Male) |
| 0:01 | Create | Villager (Male) |
| 0:02 | Create | Villager (Male) |
| 0:02 | Create | Villager (Male) |
| 0:03 | Build | House |
| 0:06 | Build | House |
| 1:26 | Create | Villager (Male) |
| 1:27 | Create | Villager (Male) |
| 1:51 | Build | Mill |
| 2:01 | Create | Villager (Male) |
| 2:01 | Create | Villager (Male) |
| 2:19 | Create | Villager (Male) |
| 2:19 | Create | Villager (Male) |
| 2:45 | Create | Villager (Male) |
| 3:02 | Create | Villager (Male) |
| 3:03 | Create | Villager (Male) |
| 3:16 | Build | House |
| 3:34 | Create | Villager (Male) |
| 3:34 | Create | Villager (Male) |
| 3:54 | Create | Villager (Male) |
| 3:54 | Create | Villager (Male) |
| 4:21 | Create | Villager (Male) |
| 4:21 | Create | Villager (Male) |
| 4:42 | Create | Villager (Male) |
| 4:43 | Create | Villager (Male) |
| 4:43 | Create | Villager (Male) |
| 4:43 | Create | Villager (Male) |
| 5:36 | Create | Villager (Male) |
| 5:59 | Build | Lumber Camp |
| 6:08 | Research | Loom |
| 6:58 | Research | Feudal Age |
| 7:16 | Build | Lumber Camp |
| 7:41 | Build | House |
| 8:29 | Build | Barracks |
| 9:16 | Age | Feudal Age |
| 9:17 | Create | Villager (Male) |
| 9:23 | Build | Stable |
| 9:41 | Create | Villager (Male) |
| 9:59 | Build | Mill |
| 10:01 | Create | Villager (Male) |
| 10:07 | Create | Scout Cavalry |
| 10:24 | Create | Scout Cavalry |
| 10:25 | Create | Villager (Male) |
| 10:29 | Research | Double-Bit Axe |
| 10:41 | Build | House |
| 10:51 | Create | Scout Cavalry |
| 10:53 | Create | Villager (Male) |
| 11:06 | Build | Farm |
| 11:20 | Build | House |
| 11:20 | Create | Villager (Male) |
| 11:28 | Build | Farm |
| 11:37 | Build | Farm |
| 11:42 | Create | Villager (Male) |
| 11:59 | Create | Villager (Male) |
| 12:19 | Build | Farm |
| 12:31 | Create | Villager (Male) |
| 12:33 | Build | Farm |
| 12:37 | Build | Farm |
| 12:38 | Build | House |
| 12:47 | Create | Villager (Male) |
| 12:50 | Build | House |
| 12:52 | Build | Farm |
| 12:53 | Build | Farm |
| 12:54 | Build | Farm |
| 12:56 | Create | Villager (Male) |
| 13:23 | Create | Villager (Male) |
| 13:29 | Build | Palisade Wall |
| 13:34 | Build | Farm |
| 13:36 | Build | Farm |
| 13:47 | Build | Farm |
| 14:01 | Build | Farm |
| 14:04 | Create | Villager (Male) |
| 14:08 | Build | Farm |
| 14:32 | Create | Villager (Male) |
| 14:44 | Create | Villager (Male) |
| 14:47 | Build | Archery Range |
| 15:20 | Build | Palisade Wall |
| 15:27 | Create | Villager (Male) |
| 15:34 | Build | Mining Camp |
| 15:38 | Create | Villager (Male) |
| 15:49 | Create | Villager (Male) |
| 15:50 | Create | Skirmisher |
| 15:53 | Build | House |
| 15:59 | Create | Skirmisher |
| 16:16 | Create | Skirmisher |
| 16:23 | Build | Palisade Wall |
| 16:30 | Build | Blacksmith |
| 16:31 | Create | Villager (Male) |
| 16:37 | Create | Skirmisher |
| 17:03 | Create | Villager (Male) |
| 17:06 | Research | Horse Collar |
| 17:18 | Build | Palisade Wall |
| 17:21 | Build | Palisade Wall |
| 17:27 | Build | House |
| 17:34 | Build | Palisade Wall |
| 17:39 | Research | Castle Age |
| 18:01 | Build | Farm |
| 18:02 | Build | Farm |
| 18:12 | Research | Fletching |
| 18:13 | Research | Padded Archer Armor |
| 18:18 | Build | Farm |
| 18:32 | Build | Farm |
| 18:36 | Build | Farm |
| 18:48 | Build | Palisade Wall |
| 18:57 | Build | House |
| 19:00 | Build | House |
| 19:03 | Build | House |
| 19:04 | Build | House |
| 19:09 | Build | House |
| 19:23 | Research | Bloodlines |
| 19:50 | Build | Archery Range |
| 20:19 | Age | Castle Age |
| 20:22 | Create | Villager (Male) |
| 20:25 | Create | Genitour |
| 20:25 | Create | Genitour |
| 20:27 | Research | Bodkin Arrow |
| 20:27 | Research | Bodkin Arrow |
| 20:49 | Create | Villager (Male) |
| 20:57 | Research | Husbandry |
| 21:06 | Create | Genitour |
| 21:06 | Create | Genitour |
| 21:07 | Create | Villager (Male) |
| 21:14 | Create | Villager (Male) |
| 21:18 | Create | Villager (Male) |
| 21:27 | Create | Genitour |
| 21:28 | Create | Genitour |
| 21:48 | Research | Leather Archer Armor |
| 21:52 | Create | Genitour |
| 21:52 | Create | Genitour |
| 22:01 | Create | Villager (Male) |
| 22:28 | Create | Villager (Male) |
| 22:34 | Build | Palisade Wall |
| 22:39 | Research | Bow Saw |
| 22:39 | Research | Bow Saw |
| 22:46 | Create | Villager (Male) |
| 22:50 | Build | Monastery |
| 22:52 | Create | Villager (Male) |
| 23:00 | Build | Monastery |
| 23:09 | Build | Palisade Gate |
| 23:26 | Research | Leather Archer Armor |
| 23:39 | Create | Villager (Male) |
| 23:50 | Build | Farm |
| 23:51 | Create | Villager (Male) |
| 23:55 | Build | Town Center |
| 23:55 | Create | Monk |
| 23:58 | Create | Genitour |
| 23:58 | Create | Genitour |
| 24:05 | Build | Farm |
| 24:09 | Create | Villager (Male) |
Match timeline
| 5:06 | SneakySalmon · first_building Barracks |
| 5:38 | SneakySalmon · wall_segment Palisade Wall x2 |
| 5:44 | SneakySalmon · wall_segment Palisade Wall x5 |
| 8:11 | SneakySalmon · wall_segment Palisade Wall x3 |
| 8:29 | CNZS_98T · first_building Barracks |
| 9:16 | CNZS_98T · age_up feudal |
| 9:18 | SneakySalmon · wall_segment Palisade Wall x11 |
| 9:23 | CNZS_98T · first_building Stable |
| 9:24 | SneakySalmon · wall_segment Palisade Wall x4 |
| 10:00 | SneakySalmon · wall_segment Palisade Wall x6 |
| 11:43 | SneakySalmon · wall_segment Palisade Wall x1 |
| 12:19 | SneakySalmon · age_up feudal |
| 13:23 | SneakySalmon · first_building Archery Range |
| 13:29 | CNZS_98T · wall_segment Palisade Wall x2 |
| 14:47 | CNZS_98T · first_building Archery Range |
| 15:20 | CNZS_98T · wall_segment Palisade Wall x12 |
| 16:23 | CNZS_98T · wall_segment Palisade Wall x7 |
| 16:31 | SneakySalmon · wall_segment Palisade Wall x1 |
| 16:32 | SneakySalmon · wall_segment Palisade Wall x1 |
| 17:16 | SneakySalmon · wall_segment Palisade Wall x3 |
| 17:18 | CNZS_98T · wall_segment Palisade Wall x3 |
| 17:21 | CNZS_98T · wall_segment Palisade Wall x11 |
| 17:34 | CNZS_98T · wall_segment Palisade Wall x5 |
| 18:34 | SneakySalmon · age_up castle |
| 18:48 | CNZS_98T · wall_segment Palisade Wall x5 |
| 20:19 | CNZS_98T · age_up castle |
| 22:34 | CNZS_98T · wall_segment Palisade Wall x1 |
| 22:38 | SneakySalmon · first_building Siege Workshop |
| 22:50 | CNZS_98T · first_building Monastery |
| 26:45 | SneakySalmon · first_building Monastery |
| 29:21 | SneakySalmon · first_building Stable |
| 32:19 | SneakySalmon · first_market_sell 100 wood |
| 33:54 | CNZS_98T · first_building Castle |
| 34:37 | SneakySalmon · first_building Castle |
| 35:04 | CNZS_98T · age_up imperial |
| 35:20 | SneakySalmon · resign |
[ AI ANALYSIS · 1 CREDIT ]
What really happened in this match?
Wolo.gg analyzes every decision: build order, eco, micro, common mistakes by bracket. Personalized analysis on WhatsApp or Discord in 30 seconds.
Civ guide
Britons
Perfil
SneakySalmon